 Dungeon Crawl Stone Soup version 0.32-a0-314-g526f7d4993 (webtiles) character file.

Game seed: 5432249576348004014

10 910rd the Sneak (level 2, 0/25 HPs)
             Began as a Naga Enchanter on Feb 16, 2024.
             Slain by a jackal (2 damage)
             ... on level 1 of the Dungeon.
             The game lasted 00:00:44 (73 turns).

910rd the Sneak (Naga Enchanter)                      Turns: 73, Time: 00:00:44

Health: 0/25       AC:  1    Str: 10    XL:     2   Next: 20%
Magic:  5/5        EV:  9    Int: 15    God:
Gold:   0          SH:  0    Dex: 11    Spells: 5/5 levels left

rFire   . . .        a - +1 dagger
rCold   . . .        (no shield)
rNeg    . . .        b - +0 robe
rPois   +            (no helmet)
rElec   .            (no cloak)
rCorr   .            (no gloves)
SInv    +            (no barding)
Will    .....        (no amulet)
Stlth   +++          (no ring)
HPRegen 0.24/turn    (no ring)
MPRegen 0.09/turn

%: no passive effects
@: invisible, very slow
A: AC +0, large, see invisible, deformed body, poison resistance, slowness 2,
spit poison 1, naga tail 1
a: Spit Poison


You were on level 1 of the Dungeon.
You visited 1 branch of the dungeon, and saw 1 of its levels.

Inventory:

Hand Weapons
 a - a +1 dagger (weapon)
Armour
 b - a +0 robe (worn)
Potions
 c - a potion of invisibility


   Skills:
 - Level 1.0 Fighting
 - Level 1.0 Short Blades
 - Level 1.5 Dodging
 + Level 5.1 Stealth
 - Level 2.0 Spellcasting
 - Level 3.0 Hexes


You had 5 spell levels left.
You didn't know any spells.
Your spell library contained the following spells:

 Spells                   Type           Power      Damage    Failure   Level
 Ensorcelled Hibernation  Hex/Ice        12%        N/A       19%         2
 Confusing Touch          Hex            10%        N/A       19%         3
 Tukima's Dance           Hex            10%        N/A       19%         3
 Dazzling Flash           Conj/Hex       12%        N/A       34%         3


Dungeon Overview and Level Annotations

Branches:
Dungeon (1/15)

Altars:


Innate Abilities, Weirdness & Mutations

Your serpentine skin is tough. (AC +0)
You have supernaturally acute eyesight. (SInv)
Armour fits poorly on your strangely shaped body.
Your system is resistant to poisons. (rPois)
You cover ground very slowly.
You can spit poison.
You have a snake-like lower body.


Message History

You need to enable at least one skill for training.
The jackal barely misses you. The jackal barely misses you.
The jackal bites you. The jackal bites you.
You hit the jackal.
The jackal is almost dead.
The jackal bites you.
You hit the jackal but do no damage.
The jackal is almost dead.
The jackal bites you. x2
* * * LOW HITPOINT WARNING * * *
You hit the jackal.
You kill the jackal!
The jackal bites you.
* * * LOW HITPOINT WARNING * * *
Training target 1.0 for Fighting reached!
Your Fighting skill increases to level 1!
You need to enable at least one skill for training.
You have reached level 2!
You fade into invisibility!
The jackal barely misses you.
You catch the helpless jackal completely off-guard!
You puncture the jackal!
You kill the jackal!
The bat hits you.
* * * LOW HITPOINT WARNING * * *
An endoplasm comes into view.
You barely miss the jackal. The jackal bites you.
* * * LOW HITPOINT WARNING * * *
Okay, then.
You aren't carrying any scrolls.
Unknown command.
The jackal bites you.
* * * LOW HITPOINT WARNING * * *
You aren't carrying any scrolls.
Unknown command.
You aren't carrying any items that you can evoke.
Unknown command.
The jackal bites you.
You die...

... ..# J. ### #. #..
####.## #.# #...†.##
#.# ##......# #.#
...J.....#####.#######
.).)....JbJh@........#
.......!############.#
........# #.#
.......!# #####.#
........#
###.....########
#.###....
...............# ####
...............#
.........).....#
......#........#


You could see 2 endoplasms, a jackal (unable to see you) and a bat.

Vanquished Creatures
  3 jackals (D:1)
  A bat (D:1)
  2 kobolds (D:1)
6 creatures vanquished.

Notes
Turn   | Place    | Note
-------+----------+-------------------------------------------
     0 | D:1      | 910rd the Naga Enchanter began the quest for the Orb.
     0 | D:1      | Reached XP level 1. HP: 15/15 MP: 3/3
    63 | D:1      | Reached skill level 5 in Stealth
    69 | D:1      | Reached skill level 1 in Fighting
    69 | D:1      | Reached XP level 2. HP: 4/25 MP: 5/5
    72 | D:1      | HP: 1/25 [jackal (2)]
    73 | D:1      | Slain by a jackal

Illustrated notes

Levels and vault maps discovered:
D:1:      lightli_arrival_statue_moat, layout_basic,
          shapermc_ecumenical_altar_gd

Skill      XL: |  1 |
---------------+----+-----
Stealth        | 5 |  5.1
Fighting       | 1 |  1.0
Short Blades   | |  1.0
Dodging        | |  1.5
Spellcasting   | |  2.0
Hexes          | |  3.0

Action                     || total
---------------------------++-------
  Melee: Dagger            ||    11
Ability: Spit Poison       ||     3
    Use: Potion            ||     1
   Stab: Sleeping          ||     1
         Invisible         ||     1
 Armour: Robe              ||    11
  Dodge: Dodged            ||    10

Table legend: (Time is in decaauts)
 A = Elapsed time spent in this place.
 B = Non-inter-level travel time spent in this place.
 C = Inter-level travel time spent in this place.
 D = Time resting spent in this place.
 E = Time spent auto-exploring this place.
 F = Levels seen in this place.
 G = Mean time per level.
                   A        B        C        D        E       F      G
               +--------+--------+--------+--------+--------+-----+--------+
         Total |     95 |     95 |      0 |      0 |     58 |   1 |   95.0 |
       Dungeon |     95 |     95 |      0 |      0 |     58 |   1 |   95.0 |
               +--------+--------+--------+--------+--------+-----+--------+

Top non-repeatable levels by time:
     D:1: 95 daAuts
